 Dungeon Crawl Stone Soup version 0.25.1-8-g42b30a86e7 (webtiles) character file.

Game seed: 8120777468838559528

132 feorh the Ruffian (level 4, -5/44 HPs)
             Began as a Troll Monk on Dec 4, 2020.
             Killed by nerve-wracking pain
             ... invoked by Grinder
              (12 damage)
             ... on level 3 of the Dungeon on Dec 7, 2020.
             The game lasted 00:33:06 (1731 turns).

feorh the Ruffian (Troll Monk)                      Turns: 1731, Time: 00:33:06

Health: -5/44      AC:  6    Str: 20    XL:     4   Next: 92%
Magic:  3/3        EV: 11    Int:  6    God:
Gold:   196        SH:  0    Dex: 12    Spells: 3/3 levels left

rFire    . . .     SeeInvis .     - Unarmed
rCold    . . .     Gourm    +   (no shield)
rNeg     . . .     Faith    .   a - +0 robe
rPois    .         Spirit   .   (helmet restricted)
rElec    .         Reflect  .   (no cloak)
rCorr    .         Harm     .   (gloves unavailable)
MR       .....                  (boots unavailable)
Stlth    ++........             (no amulet)
HPRegen  0.54/turn              (no ring)
MPRegen  0.08/turn              (no ring)

@: no status effects
A: large, unfitting armour, claws 3, fast metabolism 3, gourmand, regeneration
1, shaggy fur 1, tough skin 3
a: no special abilities


You were on level 3 of the Dungeon.
You were completely stuffed.

You visited 1 branch of the dungeon, and saw 3 of its levels.

You collected 196 gold pieces.

Inventory:

Hand Weapons
 e - a +1 short sword of venom
 f - a +0 club
 h - a +0 dagger
 q - a +0 hunting sling
 u - a +0 war axe
 x - a +0 hand axe
 z - a +0 hand axe
 B - a +0 mace
 C - a +0 halberd
Missiles
 g - 7 poisoned darts (quivered)
 r - 98 stones
Armour
 a - a +0 robe (worn)
 j - a +0 leather armour
 k - a cursed -1 robe
 l - a +0 robe
 p - a +0 robe
 y - a +0 ring mail
Jewellery
 t - a +4 ring of evasion {unknown}
 v - an uncursed ring of protection from fire
Scrolls
 d - a scroll of immolation {unknown}
 i - 5 scrolls of identify {unknown}
 m - a scroll of magic mapping {unknown}
 n - a scroll of teleportation {unknown}
 o - 5 scrolls of remove curse {unknown}
Potions
 c - 3 potions of flight {unknown}
 s - a potion of haste {unknown}
 A - a potion of curing {unknown}
Comestibles
 b - 7 rations
 w - 11 chunks of flesh


   Skills:
 + Level 2.7 Fighting
 + Level 3.0 Dodging
 + Level 1.3 Stealth
 + Level 4.6 Unarmed Combat


You had 3 spell levels left.
You didn't know any spells.
Your spell library was empty.

Dungeon Overview and Level Annotations

Branches:
Dungeon (3/15)

Altars:

Annotations:
D:3 Grinder


Innate Abilities, Weirdness & Mutations

You are too large for most types of armour.
You have claws for hands.
Your metabolism is lightning-fast.
You like to eat raw meat.
Your natural rate of healing is unusually fast.
You are covered in fur. (AC +1)
You have extremely tough skin. (AC +3)


Message History

Grinder hits you!
* * * LOW HITPOINT WARNING * * *
You writhe in agony.
* * * LOW HITPOINT WARNING * * *
Grinder says, "You look like you could use a good racking."
Grinder gestures at you.
You suddenly lose the ability to move!
Grinder gestures at you.
You shrug off the repeated paralysis!
Grinder hits you but does no damage. Grinder gestures at you.
You barely resist.
You can move again.
Grinder says, "FISH!"
Grinder gestures at you. Pain shoots through your body!
* * * LOW HITPOINT WARNING * * *
Grinder gestures at you. Pain shoots through your body!
You die...

###.#.#....# #.# #.### ...#..#.#
##.####.... #. #.#..#.##
##........## #.# #..##...##
##........## .> ###.)......#
#..........# #.
#^..##.##.#######..........#
##.##.## #...(##...............#
....#.#######.####.............#
................@.)5#..........#
......#######....)............##
....##########)####...........#
....##.....[.รท.# ###.....)....#
.......#######.# #..........#
.##..### #.# #..........# .#..##
#.. .... ....# ###. ...
....####### .#


You could see Grinder.

Vanquished Creatures
  4 gnolls (D:3)
  3 adders (D:2)
  3 worms (D:2)
  A dart slug (D:1)
  4 orcs (D:3)
  7 bats
  A giant cockroach (D:1)
  3 goblins
  4 hobgoblins
  4 jackals (D:2)
  7 kobolds
  A quokka (D:3)
  A ball python (D:3)
  4 frilled lizards
  6 rats
53 creatures vanquished.

Notes
Turn   | Place    | Note
-------+----------+-------------------------------------------
     0 | D:1      | feorh the Troll Monk began the quest for the Orb.
     0 | D:1      | Reached XP level 1. HP: 22/22 MP: 0/0
   191 | D:1      | Reached XP level 2. HP: 29/29 MP: 1/1
   823 | D:2      | Reached XP level 3. HP: 35/36 MP: 2/2
  1261 | D:2      | Reached skill level 4 in Unarmed Combat
  1363 | D:2      | Reached XP level 4. HP: 41/44 MP: 3/3
  1688 | D:3      | Noticed Grinder
  1696 | D:3      | Paralysed by Grinder for 5 turns
  1710 | D:3      | HP: 1/44 [Grinder (3)]
  1711 | D:3      | Paralysed by Grinder for 5 turns
  1731 | D:3      | Killed from afar by Grinder

Illustrated notes

Levels and vault maps discovered:
D:1:      ncdulo_watergridlock, layout_loops_cross, minmay_tetromino_l4
D:2:      layout_loops_ring
D:3:      layout_rooms, amethyst_overflow_temple_binary, first_ration,
          minivault_14, minmay_curled_crystal, uniq_grinder, uniq_sigmund

Skill      XL: |  1  2  3 |
---------------+----------+-----
Unarmed Combat | 4 |  4.6
Dodging        | 3 |  3.0
Fighting       | |  2.7
Stealth        | |  1.3

Action                   |  1- 3 |  4- 6 || total
-------------------------+-------+-------++-------
Melee: Unarmed           |    87 |    42 ||   129
 Stab: Sleeping          |     4 |     1 ||     5
  Eat: Chunk             |    18 |     3 ||    21
Armor: Robe              |    30 |    12 ||    42
Dodge: Dodged            |    47 |    19 ||    66
